 Dungeon Crawl Stone Soup version 0.26-b1-32-g5d43845318 (webtiles) character file.

Game seed: 14224334824983875259

245 sizableburger the Chiller (level 6, -25/93 HPs)
             Began as an Ogre Ice Elementalist on Jan 5, 2021.
             Killed from afar by Ijyb (33 damage)
             ... with an exploding inner flame
             ... on level 3 of the Dungeon.
             The game lasted 00:12:47 (3052 turns).

sizableburger the Chiller (Ogre Ice Elementalist)   Turns: 3052, Time: 00:12:48

Health: -25/93     AC: -5    Str: 13    XL:     6   Next: 10%
Magic:  8/12       EV: 10    Int: 18    God:
Gold:   157        SH:  0    Dex:  9    Spells: 2/13 levels left

rFire    . . .     SeeInvis .   j - +0 flail (vorpal)
rCold    + . .     Faith    .   (no shield)
rNeg     . . .     Spirit   .   a - +0 robe
rPois    .         Reflect  .   (helmet restricted)
rElec    .         Harm     .   (no cloak)
rCorr    .         Rampage  .   (gloves unavailable)
Will     .....                  (boots unavailable)
Stlth    ..........             (no amulet)
HPRegen  0.25/turn              h - ring of protection from cold
MPRegen  0.13/turn              (no ring)

@: brilliant, berserking, corroded, very quick
A: large, unfitting armour, tough skin 1
a: no special abilities


You were on level 3 of the Dungeon.
You visited 1 branch of the dungeon, and saw 3 of its levels.

You collected 157 gold pieces.

Inventory:

Hand Weapons
 j - a +0 vorpal flail (weapon)
Armour
 a - a +0 robe (worn)
Jewellery
 h - a ring of protection from cold (left hand)
Wands
 k - a wand of flame (1)
Potions
 c - a potion of brilliance
 e - a potion of might {unknown}


   Skills:
 + Level 4.2 Fighting
 - Level 1.7 Dodging
 - Level 1.4 Stealth
 + Level 4.4 Spellcasting
 + Level 4.7 Ice Magic


You had 2 spell levels left.
You knew the following spells:

 Your Spells              Type           Power        Failure   Level
a - Freeze                Ice            100%         1%          1
b - Frozen Ramparts       Ice            62%          6%          3
c - Ozocubu's Armour      Ice            31%          6%          3
d - Summon Ice Beast      Ice/Summ       18%          47%         4

Your spell library contained the following spells:

 Spells                   Type           Power        Failure   Level
 Hailstorm                Conj/Ice       18%          47%         4


Dungeon Overview and Level Annotations

Branches:
Dungeon (3/15)

Altars:
Elyvilon
Makhleb
Uskayaw
Vehumet


Innate Abilities, Weirdness & Mutations

You are too large for most types of armour.
You have tough skin. (AC +1)


Message History

Okay, then.
Ijyb barely misses you.
It was a potion of berserk rage.
A red film seems to cover your vision as you go berserk!
You feel yourself moving faster!
You feel mighty! Ijyb misses you.
You barely miss Ijyb.
Ijyb is moderately wounded.
Ijyb hits you.
* * * LOW HITPOINT WARNING * * *
You barely miss Ijyb.
Ijyb is moderately wounded.
Ijyb screams, "Level is mine!
All mine!"
Ijyb closely misses you.
You sock Ijyb!
Flame seeps out of Ijyb. x2
Ijyb is severely wounded.
Ijyb is engulfed in blazing flames.
Ijyb explodes!
The fiery explosion engulfs you!!
Your icy armour melts away.
You die...

#.# #.# #.# ##
#.# .. # # #.#
#.#. #.#
###...### #.#
.....§§§#####.#
.....§○@......#
.....§§.####..#
........#.....#
######
#########.##.##
...... #.##.#
#####. #.##.#
#.##.# #.##.#
#.##.#


There were no monsters in sight!

Vanquished Creatures
  A crimson imp (D:3)
  2 orc wizards
  2 orc priests (D:3)
  Ijyb (D:3)
  An adder (D:2)
  An ooze (D:3)
  A worm (D:2)
  5 dart slugs
  9 orcs
  7 bats
  3 giant cockroaches
  7 goblins
  A hobgoblin (D:2)
  2 jackals (D:3)
  A quokka (D:3)
  4 ball pythons
  7 frilled lizards
  8 kobolds
  2 rats
65 creatures vanquished.

Notes
Turn   | Place    | Note
-------+----------+-------------------------------------------
     0 | D:1      | sizableburger the Ogre Ice Elementalist began the quest for
                  | the Orb.
     0 | D:1      | Reached XP level 1. HP: 16/16 MP: 3/3
   202 | D:1      | Reached skill level 1 in Fighting
   202 | D:1      | Reached XP level 2. HP: 24/27 MP: 1/5
   740 | D:1      | Reached XP level 3. HP: 35/35 MP: 3/7
   859 | D:1      | Learned a level 3 spell: Frozen Ramparts
   863 | D:1      | Learned a level 3 spell: Ozocubu's Armour
  1300 | D:2      | Found a white marble altar of Elyvilon.
  1311 | D:2      | Found a faded altar of an unknown god.
  1749 | D:2      | Reached XP level 4. HP: 44/44 MP: 7/9
  1995 | D:2      | Found a hide-covered altar of Uskayaw.
  2352 | D:3      | Reached XP level 5. HP: 47/53 MP: 4/10
  2874 | D:3      | Learned a level 4 spell: Summon Ice Beast
  2889 | D:3      | Found a burning altar of Makhleb.
  2890 | D:3      | Found a radiant altar of Vehumet.
  2893 | D:3      | Reached XP level 6. HP: 60/62 MP: 9/12
  3033 | D:3      | Noticed Ijyb
  3044 | D:3      | HP: 1/62 [acid (10)]
  3052 | D:3      | Killed Ijyb
  3052 | D:3      | Killed from afar by Ijyb

Illustrated notes

Levels and vault maps discovered:
D:1:      ebering_hopf_link, layout_basic, minmay_misc_feat_nine_boxes,
          st_stairs_9
D:2:      layout_loops_ring, nicolae_overflow_hidden_temple,
          chequers_ecumenical_altar_simple_redux, elyvilon_altar_5
D:3:      layout_basic, grunt_temple_overflow_lords_of_destruction,
          uniq_terence, uniq_ijyb

Skill      XL: |  1  2  3  4  5 |
---------------+----------------+-----
Fighting       | 1 2 3 4 |  4.2
Spellcasting   | 3 4 |  4.4
Ice Magic      | 4 |  4.7
Dodging        | |  1.7
Stealth        | |  1.4

Action                   |  1- 3 |  4- 6 || total
-------------------------+-------+-------++-------
Melee: Unarmed           |     7 |     1 ||     8
       Flail             |       |     3 ||     3
 Cast: Freeze            |    60 |    49 ||   109
       Frozen Ramparts   |     1 |       ||     1
       Ozocubu's Armour  |       |     2 ||     2
  Use: Potion            |       |     5 ||     5
       Scroll            |       |     3 ||     3
Armor: Robe              |    24 |     9 ||    33
Dodge: Dodged            |    28 |    24 ||    52
